Map: Eternal Empire LE

Players

BratOK (Brat_OK)

  • Race: Terran Terran
  • League: Master
  • Spawn Location: 7:00

Garitos - Winner!

  • Race: Zerg Zerg
  • League: Grandmaster
  • Spawn Location: 1:00

Event: DreamHack SC2 Masters 2020 Fall

VOD

Have the link to the VOD?

Description

Time

  • Played on: Aug. 29, 2020, 2:25 p.m.
  • Length: 11:57

All games in this series

Show
View Real Time Build Order
Export as new Build Order

BratOK Terran 

Build Orders: Gas First Reaper Expand 

Get SALT Encoding   

  12  0:00  SCV  
  13  0:12  SCV  
  14  0:17  Supply Depot  
  14  0:25  SCV  
  15  0:29  Refinery  
  15  0:39  SCV  
  16  0:44  Barracks  
  16  0:51  SCV  
  17  1:03  SCV  
  18  1:15  SCV  
  19  1:31  Reaper, Orbital Command  
  20  1:42  Command Center  
  20  1:53  Factory  
  20  1:58  SCV  
  21  2:06  Barracks Reactor  
  21  2:10  SCV  
  21  2:13  Supply Depot  
  22  2:15  Refinery  
  22  2:22  SCV  
  23  2:35  SCV  
  24  2:42  Starport  
  24  2:47  SCV  
  25  2:55  Hellion x2  
  25  2:56  Orbital Command  
  29  3:02  Marine  
  29  3:03  SCV  
  31  3:15  SCV  
  31  3:17  Hellion  
  34  3:20  Fusion Core  
  34  3:22  SCV  
  35  3:27  Starport Tech Lab  
  35  3:29  SCV  
  35  3:33  Hellion  
  38  3:34  SCV  
  38  3:48  SCV x2  
  40  3:49  Supply Depot  
  40  3:54  Marine  
  41  4:03  Hellion x2  
  41  4:04  Supply Depot  
  41  4:05  SCV  
  46  4:11  SCV  
  46  4:15  Battlecruiser  
  53  4:18  SCV  
  54  4:28  Command Center  
  54  4:31  SCV  
  54  4:36  Supply Depot  
  54  4:38  Hellion  
  57  4:40  SCV  
  57  4:42  Weapon Refit  
  57  4:43  SCV  
  59  4:47  Refinery  
  59  4:48  Refinery  
  59  4:52  SCV  
  60  4:55  Supply Depot  
  60  4:59  SCV  
  61  5:03  Hellion x2  
  61  5:04  SCV  
  66  5:11  SCV  
  67  5:25  Battlecruiser  
  67  5:26  SCV x2  
  77  5:28  Supply Depot, Hellion  
  77  5:42  Orbital Command  
  77  5:47  Hellion  
  79  5:50  Hellion  
  64  6:08  Hellion  
  62  6:32  Hellion x2  
  58  6:50  SCV  
  58  6:53  Hellion  
  61  7:02  Supply Depot  
  53  7:16  Hellion x2  
  53  7:35  Starport  
  50  7:38  Hellion  
  50  7:42  SCV x2  
  53  7:45  Armory  
  53  7:46  Supply Depot  
  53  7:50  Hellion  
  49  7:54  SCV x2  
  49  8:06  SCV  
  49  8:07  SCV  
  49  8:12  Hellion  
  53  8:18  SCV  
  53  8:19  SCV  
  55  8:20  Starport Tech Lab  
  54  8:31  SCV x2  
  54  8:33  Hellion  
  56  8:43  SCV  
  51  8:54  Hellion, Liberator  
  52  8:59  Barracks Reactor  
  52  9:01  SCV x2  
  54  9:07  Terran Vehicle And Ship Armor Level 1  
  54  9:16  Hellion  
  56  9:23  SCV x2  
  52  9:38  Hellion  
  36  9:52  Orbital Command  
  35  10:17  Viking  
  35  10:20  SCV  
  36  10:22  Hellion x2  
  36  10:27  SCV  
  37  10:32  SCV  
  38  10:42  Widow Mine x2  
  42  10:48  SCV x2  
  44  10:51  Viking  
  46  11:00  SCV  
  46  11:04  Widow Mine x2  
  47  11:11  Engineering Bay  
  47  11:13  SCV x2  
  47  11:15  Refinery  
  42  11:25  SCV  
  39  11:39  SCV  
  28  11:43  SCV  
Show
View Real Time Build Order
Export as new Build Order

Garitos Zerg - Winner!

Build Orders: Hatch First 

Get SALT Encoding   

  12  0:00  Drone  
  13  0:12  Overlord  
  13  0:20  Drone  
  14  0:30  Drone x2  
  16  0:50  Hatchery  
  16  0:53  Drone  
  16  0:57  Drone  
  17  1:00  Drone  
  18  1:12  Extractor  
  18  1:16  Spawning Pool  
  16  1:23  Drone x2  
  18  1:27  Drone  
  19  1:41  Drone  
  20  1:52  Overlord  
  20  2:02  Queen  
  20  2:03  Zergling x2, Queen  
  20  2:04  Zergling x2  
  26  2:10  Drone  
  26  2:12  Drone  
  28  2:18  Metabolic Boost  
  28  2:21  Drone  
  29  2:34  Drone  
  30  2:46  Hatchery  
  30  2:49  Drone  
  30  2:50  Drone  
  30  2:55  Drone  
  30  2:58  Queen  
  31  2:59  Drone x2  
  35  3:14  Overlord  
  35  3:17  Overlord  
  35  3:32  Drone x3  
  35  3:33  Zergling x6  
  41  3:35  Drone  
  41  3:40  Baneling Nest  
  42  3:44  Lair  
  42  3:46  Drone  
  43  3:54  Roach Warren, Drone  
  43  3:55  Zergling x4  
  45  3:57  Queen, Drone  
  45  3:58  Evolution Chamber  
  45  4:00  Drone x2  
  49  4:03  Extractor  
  49  4:04  Drone  
  49  4:05  Extractor  
  49  4:06  Drone  
  49  4:08  Drone  
  50  4:15  Drone x3  
  50  4:16  Drone  
  54  4:19  Spore Crawler  
  53  4:26  Drone  
  53  4:29  Overlord  
  54  4:41  Queen  
  54  4:42  Nydus Network  
  54  4:43  Queen  
  57  4:47  Overlord  
  57  4:51  Roach x2  
  61  4:53  Roach  
  63  5:13  Roach  
  65  5:22  Nydus Canal  
  65  5:23  Roach x3  
  65  5:25  Zergling x2  
  65  5:26  Zergling x2  
  65  5:27  Overlord  
  73  5:28  Overlord  
  73  5:29  Overlord  
  73  5:34  Spore Crawler  
  73  5:35  Roach  
  72  5:38  Roach  
  72  5:40  Spore Crawler  
  71  5:50  Roach x3  
  71  5:51  Roach x2  
  71  5:53  Roach  
  71  5:55  Roach  
  81  6:01  Roach x2  
  83  6:08  Roach  
  83  6:09  Roach  
  87  6:18  Roach  
  89  6:20  Spore Crawler  
  89  6:24  Nydus Canal, Roach  
  89  6:25  Roach  
  88  6:48  Overlord  
  88  6:49  Overlord x3  
  88  6:52  Extractor  
  86  7:00  Roach  
  80  7:13  Drone x3  
  80  7:14  Drone x2  
  83  7:17  Drone x4  
  83  7:18  Spore Crawler  
  83  7:22  Spire  
  81  7:26  Drone  
  81  7:27  Drone  
  75  7:38  Spore Crawler  
  75  7:40  Drone  
  65  7:52  Overlord  
  65  7:55  Spore Crawler x2, Drone  
  54  8:28  Drone x2  
  51  8:40  Mutalisk  
  51  8:41  Mutalisk x6  
  48  8:42  Mutalisk  
  62  8:52  Drone  
  62  8:53  Drone x2  
  63  9:05  Mutalisk x2  
  67  9:16  Drone x4  
  69  9:36  Mutalisk  
  69  9:37  Mutalisk  
  69  9:40  Mutalisk  
  69  9:44  Drone x3  
  69  9:45  Drone  
  73  9:50  Mutalisk  
  75  9:57  Queen, Drone x2  
  75  9:58  Queen x2  
  75  10:16  Mutalisk x2  
  77  10:23  Drone  
  77  10:24  Drone x4  
  77  10:25  Extractor  
  77  10:26  Extractor  
  78  10:41  Mutalisk x2  
  82  10:43  Drone x3  
  82  10:47  Queen x2  
  82  10:49  Mutalisk  
  87  10:55  Zergling x4  
  87  10:56  Zergling x2  
  92  10:59  Mutalisk  
  94  11:11  Mutalisk  
  96  11:21  Mutalisk x2  
  100  11:25  Mutalisk  

Tags
 
Add a new tag
Caveats
  • Supply blocks, unpowered buildings, or Contaminate may cause inaccurate times.
  • Supply counts are checked every 10 seconds.